Map: Romanticide LE

Players

Maplez

  • Race: Protoss Protoss

MCanning - Winner!

  • Race: Protoss Protoss

VOD

Have the link to the VOD?

Description

Time

  • Played on: Oct. 5, 2021, 3:50 p.m.
  • Length: 12:07
Show
View Real Time Build Order
Export as new Build Order

Maplez Protoss 

Build Orders: Oracle Opening 

Get SALT Encoding   

  12  0:00  Probe  
  13  0:12  Probe  
  14  0:17  Pylon  
  14  0:24  Probe (Chrono Boost)  
  16  0:36  Gateway, Probe (Chrono Boost)  
  16  0:42  Probe (Chrono Boost)  
  16  0:48  Assimilator  
  17  0:50  Probe  
  17  0:55  Assimilator  
  18  1:03  Probe (Chrono Boost)  
  19  1:13  Probe (Chrono Boost)  
  19  1:17  Gateway, Probe (Chrono Boost)  
  21  1:29  Cybernetics Core, Probe  
  22  1:37  Pylon  
  22  1:41  Probe  
  23  1:55  Probe  
  24  2:04  Warp Gate (Chrono Boost)  
  24  2:07  Stalker x2  
  29  2:14  Pylon  
  28  2:38  Pylon  
  28  2:39  Stalker x2  
  32  2:44  Stargate  
  32  2:48  Pylon  
  32  2:51  Probe  
  32  3:01  Pylon  
  32  3:17  Shield Battery  
  32  3:27  Oracle (Chrono Boost)  
  32  3:34  Nexus  
  35  3:41  Probe  
  36  3:53  Probe  
  37  4:00  Adept  
  37  4:01  Adept  
  41  4:05  Probe  
  42  4:17  Probe (Chrono Boost)  
  43  4:30  Probe (Chrono Boost)  
  44  4:37  Probe (Chrono Boost)  
  43  4:46  Twilight Council  
  43  4:47  Probe (Chrono Boost)  
  43  4:49  Probe (Chrono Boost)  
  40  4:58  Probe (Chrono Boost)  
  40  4:59  Probe (Chrono Boost)  
  42  5:02  Sentry x2, Shield Battery  
  42  5:03  Probe (Chrono Boost)  
  47  5:10  Probe  
  48  5:16  Blink (Chrono Boost)  
  48  5:18  Probe  
  49  5:21  Gateway  
  49  5:29  Probe  
  49  5:30  Stalker  
  49  5:32  Probe  
  52  5:38  Stalker  
  52  5:41  Probe  
  55  5:44  Probe  
  56  5:53  Probe  
  56  5:56  Probe  
  58  6:00  Shield Battery  
  57  6:05  Probe  
  57  6:06  Stalker x2  
  57  6:08  Probe  
  63  6:17  Probe  
  64  6:25  Nexus  
  64  6:27  Pylon  
  64  6:28  Probe  
  64  6:32  Pylon  
  65  6:34  Assimilator, Forge  
  64  6:42  Probe  
  64  6:44  Stalker x2  
  66  6:49  Probe  
  66  6:53  Pylon  
  67  6:55  Probe  
  68  7:01  Probe  
  68  7:07  Adept x2, Probe  
  74  7:11  Stalker, Protoss Ground Weapons Level 1 (Chrono Boost)  
  74  7:13  Probe  
  77  7:19  Probe  
  78  7:24  Charge  
  78  7:25  Probe  
  78  7:26  Robotics Facility  
  79  7:36  Probe, Pylon  
  80  7:37  Pylon  
  80  7:38  Shield Battery  
  80  7:42  Probe  
  79  7:54  Gateway, Probe (Chrono Boost)  
  79  7:56  Gateway  
  79  7:57  Probe (Chrono Boost)  
  79  7:58  Stalker  
  79  8:00  Probe (Chrono Boost)  
  83  8:06  Probe (Chrono Boost)  
  83  8:09  Probe (Chrono Boost)  
  84  8:14  Adept x2  
  84  8:15  Probe (Chrono Boost)  
  84  8:16  Observer  
  84  8:17  Pylon  
  84  8:19  Gateway  
  90  8:20  Gateway  
  90  8:23  Probe  
  90  8:24  Probe  
  90  8:26  Probe, Shield Battery  
  93  8:35  Probe  
  93  8:36  Probe  
  93  8:38  Probe  
  93  8:40  Gateway  
  96  8:45  Stalker x3  
  96  8:47  Probe  
  97  8:55  Gateway, Assimilator  
  97  8:56  Assimilator  
  97  8:58  Gateway  
  97  9:07  Observer  
  98  9:10  Stalker x3  
  98  9:15  Photon Cannon  
  104  9:22  Stalker x3  
  108  9:31  Pylon x2  
  108  9:36  Observer  
  108  9:52  Nexus  
  108  9:53  Dark Shrine  
  107  10:01  Zealot x7  
  121  10:09  Gateway  
  117  10:28  Zealot x5  
  115  10:32  Probe x2  
  115  10:34  Photon Cannon, Zealot x2  
  123  10:36  Photon Cannon  
  109  10:44  Pylon  
  109  10:47  Pylon  
  102  10:56  Stalker  
  100  10:57  Stalker x4  
  100  10:59  Shield Battery x2  
  100  11:01  Observer  
  106  11:09  Dark Templar  
  106  11:10  Dark Templar  
  109  11:11  Dark Templar  
  109  11:16  Dark Templar x2  
  98  11:28  Observer  
  73  11:33  Dark Templar x3  
  73  11:38  Dark Templar  
  73  11:39  Probe  
  74  11:45  Dark Templar  
  74  11:46  Probe  
  73  11:48  Zealot x2  
  73  11:53  Probe  
Show
View Real Time Build Order
Export as new Build Order

MCanning Protoss - Winner!

Build Orders: Oracle Opening 

Get SALT Encoding   

  12  0:00  Probe  
  13  0:12  Probe  
  14  0:17  Pylon  
  14  0:24  Probe  
  15  0:36  Probe (Chrono Boost)  
  15  0:37  Gateway  
  16  0:47  Assimilator, Probe (Chrono Boost)  
  17  0:52  Probe (Chrono Boost)  
  17  0:55  Assimilator  
  18  1:03  Probe (Chrono Boost)  
  19  1:10  Gateway  
  19  1:15  Probe (Chrono Boost)  
  20  1:21  Probe (Chrono Boost)  
  21  1:27  Cybernetics Core  
  21  1:31  Probe  
  22  1:38  Pylon  
  22  1:43  Probe  
  23  1:56  Probe  
  24  2:04  Adept, Stargate  
  26  2:08  Adept  
  28  2:23  Probe  
  28  2:24  Pylon  
  29  2:30  Warp Gate  
  29  2:36  Shield Battery  
  29  2:42  Stalker  
  31  2:45  Oracle (Chrono Boost)  
  34  3:10  Shield Battery  
  32  3:20  Nexus  
  32  3:23  Void Ray (Chrono Boost)  
  36  3:35  Probe  
  36  3:39  Sentry  
  39  3:51  Probe, Pylon  
  39  4:01  Pylon  
  39  4:11  Void Ray (Chrono Boost)  
  39  4:16  Pylon  
  39  4:24  Probe  
  44  4:36  Probe  
  45  4:38  Adept  
  45  4:40  Probe (Chrono Boost)  
  46  4:48  Probe (Chrono Boost)  
  47  4:55  Sentry  
  47  4:58  Probe (Chrono Boost)  
  47  4:59  Probe (Chrono Boost)  
  50  5:04  Probe (Chrono Boost)  
  50  5:05  Probe (Chrono Boost), Shield Battery  
  51  5:16  Probe (Chrono Boost)  
  51  5:17  Probe (Chrono Boost)  
  51  5:19  Robotics Facility  
  55  5:28  Probe (Chrono Boost)  
  55  5:31  Probe (Chrono Boost)  
  55  5:33  Probe (Chrono Boost)  
  56  5:38  Probe  
  56  5:41  Forge  
  57  5:43  Probe (Chrono Boost)  
  57  5:48  Sentry  
  60  5:55  Probe (Chrono Boost)  
  60  5:56  Probe (Chrono Boost)  
  62  5:59  Pylon  
  62  6:02  Probe (Chrono Boost)  
  64  6:04  Probe (Chrono Boost)  
  64  6:07  Observer (Chrono Boost)  
  64  6:09  Assimilator, Probe  
  66  6:15  Probe  
  66  6:18  Protoss Ground Weapons Level 1  
  67  6:22  Probe  
  67  6:25  Immortal (Chrono Boost)  
  68  6:27  Probe  
  73  6:34  Probe  
  73  6:39  Probe  
  75  6:46  Probe  
  72  6:47  Nexus  
  72  6:51  Probe  
  72  6:53  Pylon  
  73  6:54  Immortal (Chrono Boost)  
  73  6:59  Twilight Council, Probe  
  78  7:07  Gateway  
  78  7:09  Gateway  
  78  7:11  Probe x2  
  80  7:17  Pylon  
  80  7:21  Shield Battery  
  80  7:23  Probe x2  
  80  7:27  Observer  
  83  7:32  Pylon  
  83  7:35  Zealot x2, Probe  
  83  7:36  Probe  
  89  7:47  Probe, Charge (Chrono Boost)  
  89  7:51  Probe  
  89  7:54  Immortal  
  94  7:58  Stalker, Zealot  
  94  7:59  Probe  
  99  8:08  Zealot x2  
  99  8:09  Probe  
  99  8:10  Probe  
  105  8:13  Probe  
  105  8:18  Templar Archives  
  106  8:20  Gateway  
  106  8:21  Protoss Ground Weapons Level 2 (Chrono Boost)  
  106  8:22  Gateway  
  106  8:28  Gateway  
  106  8:29  Pylon  
  106  8:38  Gateway  
  106  8:39  Gateway  
  106  8:41  Pylon  
  106  8:44  Zealot  
  106  8:46  Zealot  
  110  8:50  Probe  
  110  8:51  Assimilator  
  110  8:53  Probe  
  110  8:57  High Templar x2  
  110  8:58  Probe  
  115  9:03  Archon  
  115  9:04  Zealot  
  117  9:13  Zealot  
  119  9:21  Dark Shrine  
  119  9:23  Photon Cannon, Zealot x2  
  123  9:27  Nexus  
  123  9:28  Pylon  
  121  9:33  Zealot x3  
  121  9:34  Zealot x2  
  121  9:36  Phoenix x2  
  131  9:45  High Templar  
  131  9:49  Probe  
  131  9:51  Pylon  
  131  9:52  High Templar  
  136  9:53  Pylon  
  136  9:54  Photon Cannon  
  136  9:56  Probe, Pylon  
  136  9:57  Pylon  
  136  9:58  Archon  
  137  10:00  Probe  
  137  10:05  Zealot  
  140  10:11  Zealot x5  
  140  10:12  Zealot  
  152  10:22  Zealot, Probe  
  152  10:28  Robotics Bay, Zealot x2  
  152  10:31  Shield Battery  
  154  10:40  Zealot x4  
  158  10:47  Dark Templar  
  158  10:49  Dark Templar  
  162  10:56  Probe  
  163  10:58  Probe  
  163  11:04  Photon Cannon, Zealot x5  
  156  11:19  Disruptor (Chrono Boost)  
  156  11:20  Photon Cannon  
  156  11:25  Photon Cannon x2  
  151  11:32  Zealot x6  
  153  11:44  Robotics Facility  
  149  11:49  Zealot x3  
Tags
 
Add a new tag
Caveats
  • Supply blocks, unpowered buildings, or Contaminate may cause inaccurate times.
  • Supply counts are checked every 10 seconds.